[Event "Team 45 45 League T66"]
[Site "Internet Chess Club"]
[Date "2015.09.03"]
[Round "1"]
[White "ANGELLR"]
[Black "roji"]
[Result "1-0"]
[WhiteElo "1991"]
[BlackElo "1884"]
[Opening "King's Indian: Sämisch, 5...O-O"]
[ECO "E81"]
[Time "21:10:19"]
[TimeControl "2700+45"]

1. d4 Nf6 2. c4 g6 3. Nc3 Bg7 4. e4 d6 5. f3 O-O 6. Be3 Nbd7 7. Bd3 c5 8. Nge2
cxd4 9. Nxd4 Nc5 10. Be2 a5 11. Qd2 h5 12. Rd1 Kh7 13. Ndb5 Ne6 14. e5 dxe5 15.
Qxd8 Rxd8 16. Rxd8 Nxd8 17. Nc7 Rb8 18. Ba7 Nc6 19. Bxb8 Nxb8 20. O-O Nc6 21.
Bd3 Bf5 22. Bxf5 gxf5 23. Rd1 e6 24. N7b5 Kg6 25. Nd6 b6 26. Nc8 Bf8 27. Na4 e4
28. Ncxb6 Nb4 29. Nd7 Nxd7 30. Rxd7 e3 31. Kf1 Nxa2 32. c5 Nc1 33. Rb7 e2+ 34.
Ke1 Nd3+ 35. Kxe2 Nxc5 36. Nxc5 Bxc5 37. Kd3 e5 38. Rb5 Bd4 39. b3 Kg5 40. Rxa5
f6 41. Ra4 Bg1 42. h4+ Kg6 43. b4 f4 44. b5 Kf5 45. Ra6 e4+ 46. fxe4+ Kg4 47.
Rxf6 Ba7 48. e5 Kxh4 49. e6 {Black resigns} 1-0

[Event "Team 45 45 League T66"]
[Site "Internet Chess Club"]
[Date "2015.09.06"]
[Round "1"]
[White "allaboutthegyro"]
[Black "primerpaso"]
[Result "1-0"]
[WhiteElo "1918"]
[BlackElo "1844"]
[Opening "Sicilian: closed"]
[ECO "B24"]
[Time "19:00:16"]
[TimeControl "2700+45"]

1. e4 c5 2. Nc3 Nc6 3. g3 g6 4. Bg2 Bg7 5. d3 e6 6. Be3 b6 7. Nf3 Nd4 8. O-O Ne7
9. Nxd4 cxd4 10. Nb5 dxe3 11. Nd6+ Kf8 12. fxe3 f6 13. e5 Nc6 14. exf6 Bh6 15.
Kh1 Bxe3 16. Qf3 Bh6 17. Rae1 Rb8 18. Qg4 Kg8 19. Qh4 Bf8 20. f7+ {Black
resigns} 1-0

[Event "Team 45 45 League T66"]
[Site "Internet Chess Club"]
[Date "2015.09.05"]
[Round "1"]
[White "frank001"]
[Black "drbishop"]
[Result "0-1"]
[WhiteElo "1829"]
[BlackElo "1791"]
[Opening "French: Tarrasch, open variation"]
[ECO "C07"]
[Time "08:12:32"]
[TimeControl "2700+45"]

1. e4 e6 2. d4 d5 3. Nd2 c5 4. c3 cxd4 5. cxd4 Nc6 6. Ngf3 Nh6 7. a3 dxe4 8.
Nxe4 Nf5 9. Bb5 Qa5+ 10. Nc3 Bb4 11. O-O Bxc3 12. Bxc6+ bxc6 13. bxc3 Ba6 14. g4
Bxf1 15. gxf5 Bh3 16. fxe6 O-O 17. Ng5 Bxe6 18. Qd3 Qf5 19. Qg3 Bd5 20. Bf4 h6
21. Nh3 Qe4 22. f3 Qxf3 23. Qxf3 Bxf3 24. Kf2 Bd5 25. Rg1 Kh7 26. Bd6 Rfe8 27.
Nf4 Rad8 28. Bc5 Rb8 29. Nh5 Rb2+ 30. Kg3 Re3+ 31. Kf4 Re4+ {White resigns} 0-1

[Event "Team 45 45 League T66"]
[Site "Internet Chess Club"]
[Date "2015.09.05"]
[Round "1"]
[White "Axagus"]
[Black "Portola"]
[Result "1-0"]
[WhiteElo "1724"]
[BlackElo "1804"]
[Opening "QGD: classical variation (5.Bf4)"]
[ECO "D37"]
[Time "09:00:30"]
[TimeControl "2700+45"]

1. c4 e6 2. d4 d5 3. Nc3 Nf6 4. Nf3 Be7 5. Bf4 c6 6. e3 Nbd7 7. a3 b6 8. cxd5
exd5 9. Rc1 O-O 10. Bd3 Bb7 11. O-O Re8 12. Ne5 Nxe5 13. dxe5 Nd7 14. Qh5 Nf8
15. Bg3 g6 16. Qe2 Bc8 17. f4 f5 18. Rfd1 Be6 19. Na2 c5 20. Bc4 dxc4 21. Rxd8
Rexd8 22. Rd1 Rd3 23. Nc1 Rdd8 24. Bf2 Bd5 25. Na2 Be4 26. Qxc4+ Kg7 27. Rxd8
Rxd8 28. Nc3 Bd3 29. Qa4 a6 30. Qc6 b5 31. h3 Bc4 32. Qxa6 Ne6 33. Qb7 Kf7 34.
Nxb5 Kf8 35. Nc3 Kf7 36. a4 Rd2 37. Bh4 g5 38. Bxg5 Nxg5 39. fxg5 Ke8 40. Qc8+
Rd8 41. Qxf5 Rd3 42. e6 Rxe3 43. Qf7+ Kd8 44. Qg8+ Kc7 45. Qe8 Rxe6 46. Nb5+
Bxb5 47. Qxb5 Bd6 48. Qa5+ Kc6 49. Qb5+ Kc7 50. g4 Re1+ 51. Kf2 Rc1 52. a5 Rc2+
53. Ke3 Rh2 54. a6 Rxh3+ 55. Ke4 Rg3 56. Qb7+ Kd8 57. Kd5 Rd3+ 58. Kc6 Bf8 59.
a7 Rd6+ 60. Kb5 {Black resigns} 1-0

[Event "Team 45 45 League T66"]
[Site "Internet Chess Club"]
[Date "2015.09.06"]
[Round "1"]
[White "RubberDuck"]
[Black "LittleButton"]
[Result "0-1"]
[WhiteElo "1870"]
[BlackElo "1873"]
[Opening "Queen's gambit declined"]
[ECO "D30"]
[Time "06:07:48"]
[TimeControl "2700+45"]

1. d4 d5 2. c4 e6 3. Nf3 a6 4. cxd5 exd5 5. Nc3 c6 6. Bf4 Bd6 7. Qd2 Ne7 8. Ne5
O-O 9. e3 Bf5 10. Be2 Ng6 11. Nxg6 Bxg6 12. Bxd6 Qxd6 13. O-O Nd7 14. Rac1 Nf6
15. a3 Qe7 16. b4 Ne4 17. Nxe4 Bxe4 18. Rc5 Rfe8 19. a4 Qg5 20. g3 Qh6 21. Rfc1
Re6 22. b5 Qxh2+ {White resigns} 0-1

[Event "Team 45 45 League T66"]
[Site "Internet Chess Club"]
[Date "2015.09.08"]
[Round "1"]
[White "Stiltzkin"]
[Black "fledermaus"]
[Result "1-0"]
[WhiteElo "1834"]
[BlackElo "1894"]
[Opening "Queen's gambit declined"]
[ECO "D30"]
[Time "14:00:19"]
[TimeControl "2700+45"]

1. d4 d5 2. c4 e6 3. Nf3 Nf6 4. g3 Bb4+ 5. Bd2 Be7 6. Bg2 c6 7. Qc2 O-O 8. O-O
Nbd7 9. Bf4 b6 10. Rd1 Bb7 11. Nc3 Nh5 12. Bc1 Nhf6 13. b3 Rc8 14. e4 dxe4 15.
Nxe4 Nxe4 16. Qxe4 Bd6 17. Bg5 Qc7 18. Rd2 h6 19. Be3 c5 20. Qd3 Rcd8 21. Rad1
cxd4 22. Bxd4 Bb4 23. Bc3 Bxc3 24. Qxc3 Nc5 25. Qe5 Qe7 26. Nd4 Bxg2 27. Kxg2
Qb7+ 28. Kg1 Rd7 29. b4 Ne4 30. Nxe6 fxe6 31. Rxd7 {Black resigns} 1-0

[Event "Team 45 45 League T66"]
[Site "Internet Chess Club"]
[Date "2015.09.03"]
[Round "1"]
[White "jonesey"]
[Black "Bryant-L"]
[Result "1-0"]
[WhiteElo "1958"]
[BlackElo "1745"]
[Opening "French: Winawer, advance, 5.a3"]
[ECO "C17"]
[Time "09:00:31"]
[TimeControl "2700+45"]

1. e4 e6 2. d4 d5 3. Nc3 Bb4 4. e5 c5 5. a3 cxd4 6. axb4 dxc3 7. bxc3 Qc7 8. Nf3
Qxc3+ 9. Bd2 Qc7 10. Bd3 Nc6 11. Qe2 Nge7 12. O-O Bd7 13. b5 Nd8 14. Bb4 Ng6 15.
Qe3 b6 16. Ra3 Nb7 17. Rc3 Qd8 18. Ra1 Ne7 19. Rca3 Nc8 20. Nd4 Nc5 21. Nc6 Bxc6
22. bxc6 Nxd3 23. Qxd3 Qc7 24. Qb5 Ne7 25. Rxa7 Rxa7 26. Rxa7 Qxa7 27. c7+
{Black resigns} 1-0

[Event "Team 45 45 League T66"]
[Site "Internet Chess Club"]
[Date "2015.09.03"]
[Round "1"]
[White "pokerram"]
[Black "parrot9"]
[Result "0-1"]
[WhiteElo "1718"]
[BlackElo "1663"]
[Opening "QGD semi-Slav"]
[ECO "D43"]
[Time "14:53:23"]
[TimeControl "2700+45"]

1. Nf3 d5 2. d4 Nf6 3. c4 c6 4. Nc3 e6 5. Bg5 Be7 6. cxd5 cxd5 7. e3 a6 8. Bd3
Nbd7 9. O-O O-O 10. Qc2 b5 11. a3 Bb7 12. Rad1 Rc8 13. Qe2 Ne4 14. Bxe7 Qxe7 15.
Bxe4 dxe4 16. Nd2 Nf6 17. f3 exf3 18. Nxf3 Ne4 19. Qd3 Nxc3 20. bxc3 Qxa3 21.
Ng5 g6 22. Ne4 Bxe4 23. Qxe4 Qxc3 24. Rc1 Qd2 25. Rcd1 Qc2 26. Qb7 Qc6 27. Qe7
Rc7 28. Qf6 Qe4 29. Rde1 Rc2 30. Rf2 Rxf2 31. Qxf2 Rc8 32. Rf1 f5 33. Qg3 a5 34.
h4 b4 35. Qd6 Qxe3+ 36. Kh2 Qe4 37. Qd7 Qc6 38. Qe7 Qc7+ 39. Qxc7 Rxc7 40. Ra1
Ra7 41. Kg3 a4 42. Kf3 b3 43. Ke3 b2 44. Rb1 a3 45. Kf4 Rb7 46. Kg5 {White
resigns} 0-1

[Event "Team 45 45 League T66"]
[Site "Internet Chess Club"]
[Date "2015.09.05"]
[Round "1"]
[White "TillyChess"]
[Black "spand42"]
[Result "1-0"]
[WhiteElo "2100"]
[BlackElo "2004"]
[Opening "Sicilian: closed, 2...Nc6"]
[ECO "B23"]
[Time "15:07:27"]
[TimeControl "2700+45"]

1. e4 c5 2. Nc3 Nc6 3. Bb5 Nd4 4. Bc4 Nf6 5. Nge2 e6 6. O-O a6 7. a4 Nxe4 8.
Nxd4 cxd4 9. Nxe4 d5 10. Bd3 dxe4 11. Bxe4 Bd6 12. d3 O-O 13. g3 Qc7 14. Qe2 Bd7
15. b3 Rac8 16. Ra2 Bc6 17. Bd2 Bxe4 18. Qxe4 Qc6 19. Qxd4 f6 20. Qe3 e5 21. Re1
Bc5 22. Qe4 Bd4 23. Qxc6 Rxc6 24. Kg2 Rfc8 25. c4 Rd6 26. Rd1 Bc5 27. Be3 b6 28.
a5 Bxe3 29. fxe3 bxa5 30. Rxa5 Rcd8 31. d4 exd4 32. c5 Rd5 33. exd4 Rxd4 34.
Rxd4 Rxd4 35. Rxa6 Rd2+ 36. Kh3 Kf7 37. Ra7+ Kg6 38. c6 Rc2 39. Ra6 Kf5 40. b4
Ke6 41. b5 Kd6 42. Ra7 g5 43. Rxh7 f5 44. Rg7 g4+ 45. Kh4 Rxh2+ 46. Kg5 Rb2 47.
c7 Rc2 48. b6 f4 49. Kxf4 Rc4+ 50. Kf5 {Black resigns} 1-0

[Event "Team 45 45 League T66"]
[Site "Internet Chess Club"]
[Date "2015.09.04"]
[Round "1"]
[White "Gilligan"]
[Black "PuzzleMaster"]
[Result "1/2-1/2"]
[WhiteElo "2006"]
[BlackElo "2049"]
[Opening "English opening"]
[ECO "A16"]
[Time "14:16:54"]
[TimeControl "2700+45"]

1. c4 Nf6 2. Nc3 g6 3. g3 Bg7 4. Bg2 O-O 5. e4 d6 6. Nge2 c5 7. O-O Nc6 8. d3 a6
9. Rb1 Rb8 10. a3 b5 11. cxb5 axb5 12. b4 cxb4 13. axb4 e5 14. h3 Be6 15. Be3
Qd7 16. Kh2 d5 17. exd5 Nxd5 18. Nxd5 Bxd5 19. Bxd5 Qxd5 20. Nc3 Qd7 21. Ne4 Kh8
22. Nc5 Qf5 23. Qg4 Qxg4 24. hxg4 Rfd8 25. Kg2 Bf8 26. Rfd1 Rd5 27. Kf3 Nxb4 28.
Rxb4 Bxc5 29. Bxc5 Rxc5 30. Ke4 Kg7 31. Rdb1 Kf6 32. d4 exd4 33. Kxd4 Rc2 34.
Ke3 Rc3+ 35. Kd4 Rf3 36. R1b2 Kg5 37. Kc5 Rc8+ 38. Kd6 Rc4 39. Rxb5+ Kxg4 40.
Ke7 h5 41. Rb6 Rc7+ 42. Kf8 Kh3 43. Kg7 Kg2 44. Rf6 g5 45. Rxf3 Kxf3 46. Kh6 h4
47. gxh4 gxh4 48. Kg5 h3 49. Rb3+ Kg2 50. Rg3+ Kh2 51. Ra3 Rc2 52. Kg4 Rxf2 53.
Rxh3+ Kg2 54. Rg3+ Kf1 55. Rf3 {Game drawn by mutual agreement} 1/2-1/2

[Event "Team 45 45 League T66"]
[Site "Internet Chess Club"]
[Date "2015.09.06"]
[Round "1"]
[White "gera-carp75"]
[Black "The7thGuest"]
[Result "1-0"]
[WhiteElo "1936"]
[BlackElo "1902"]
[Opening "Sicilian: Kan, Maróczy bind (Réti variation)"]
[ECO "B41"]
[Time "12:30:37"]
[TimeControl "2700+45"]

1. e4 c5 2. Nf3 e6 3. d4 cxd4 4. Nxd4 a6 5. c4 Nc6 6. Nc2 Nf6 7. Nc3 Bc5 8. Be2
h6 9. O-O O-O 10. a3 Ba7 11. Bf4 Bb8 12. Bxb8 Rxb8 13. Qd6 b5 14. cxb5 axb5 15.
Rfd1 Qb6 16. Bxb5 Nxe4 17. Nxe4 Qxb5 18. b4 Qc4 19. Nd4 Nxd4 20. Rxd4 Qb5 21.
Nf6+ gxf6 22. Rg4+ {Black resigns} 1-0

[Event "Team 45 45 League T66"]
[Site "Internet Chess Club"]
[Date "2015.09.04"]
[Round "1"]
[White "G-force"]
[Black "SlimeDog2"]
[Result "1-0"]
[WhiteElo "2101"]
[BlackElo "2040"]
[Opening "Giuoco Piano"]
[ECO "C54"]
[Time "21:01:16"]
[TimeControl "2700+45"]

1. e4 e5 2. Nf3 Nc6 3. Bc4 Bc5 4. c3 Nf6 5. d3 O-O 6. Bb3 d6 7. Bg5 a6 8. Nbd2
Ba7 9. h3 Qe7 10. Nf1 h6 11. Be3 Nh5 12. Bxa7 Rxa7 13. Ne3 Nf4 14. O-O Be6 15.
Bc2 Qf6 16. Kh2 g5 17. d4 Bd7 18. dxe5 Nxe5 19. Nd4 g4 20. Ndf5 h5 21. hxg4 hxg4
22. Rh1 Qg5 23. Kg1 Bb5 24. c4 Bxc4 25. Nh6+ Kg7 26. Nxc4 Nxc4 27. Nf5+ Kg8 28.
g3 Nh3+ 29. Kg2 Ne5 30. Rh2 Raa8 31. f4 gxf3+ 32. Kh1 Ng4 33. Qxf3 Nxh2 34. Kxh2
Rae8 35. Kxh3 Re6 36. Rh1 Rfe8 37. Bb3 Rxe4 38. Bxf7+ Kxf7 39. Nxd6+ Kg7 40.
Qf7+ {Black resigns} 1-0

[Event "Team 45 45 League T66"]
[Site "Internet Chess Club"]
[Date "2015.09.06"]
[Round "1"]
[White "cesaralexander"]
[Black "RubberDuck"]
[Result "1-0"]
[WhiteElo "1950"]
[BlackElo "1857"]
[Opening "Grünfeld: Russian variation"]
[ECO "D81"]
[Time "11:42:24"]
[TimeControl "2700+45"]

1. d4 Nf6 2. c4 g6 3. Nc3 d5 4. Qb3 c6 5. cxd5 cxd5 6. Bg5 e6 7. e3 Bg7 8. Nf3
O-O 9. Bd3 Nbd7 10. O-O Qb6 11. Qc2 a6 12. Rfc1 Qd6 13. Bf4 Qe7 14. a4 Nb6 15.
a5 Nbd7 16. Na4 Nh5 17. Bg5 f6 18. Bh4 g5 19. Bxh7+ Kh8 20. Qg6 Qf7 21. Qxf7
Rxf7 22. Bg6 Rf8 23. Bxh5 gxh4 24. Nxh4 Kh7 25. Bg6+ Kh6 26. Bd3 Rd8 27. Ng6 Nf8
28. Nxf8 Bxf8 29. Nb6 Rb8 30. Rc7 Bd6 31. Rh7+ Kg5 32. h4+ Kg4 33. g3 Rg8 34.
Kg2 e5 35. f3# {Black checkmated} 1-0

[Event "Team 45 45 League T66"]
[Site "Internet Chess Club"]
[Date "2015.09.07"]
[Round "1"]
[White "jonesey"]
[Black "jt2000"]
[Result "0-1"]
[WhiteElo "1946"]
[BlackElo "2070"]
[Opening "Sicilian defense"]
[ECO "B20"]
[Time "15:02:59"]
[TimeControl "2700+45"]

1. e4 c5 2. c4 d6 3. Nc3 e6 4. g3 Nf6 5. Bg2 Be7 6. Nge2 O-O 7. O-O Nc6 8. d4
cxd4 9. Nxd4 Bd7 10. Be3 a6 11. h3 h6 12. Qd2 Qc7 13. Rac1 Rac8 14. Nd5 exd5 15.
cxd5 Rfd8 16. dxc6 bxc6 17. Qe2 Qa5 18. Rc3 d5 19. Nb3 Qb5 20. Qxb5 axb5 21. Bc5
Bxc5 22. Nxc5 dxe4 23. Nxd7 Rxd7 24. Rfc1 Rd6 25. a3 Nd5 26. Rc5 f5 27. Rxb5 Ne7
28. Rb7 Kf7 29. a4 Kf6 30. a5 c5 31. Bf1 Rdc6 32. a6 R6c7 33. Rxc7 Rxc7 34. b4
Ke5 35. Bb5 Nc8 36. Bd7 Na7 37. b5 Rxd7 38. b6 Nc6 39. Rxc5+ Kd6 40. Rc1 Re7 41.
Rd1+ Kc5 42. b7 Kb6 43. Rd6 Re8 44. Rg6 Rg8 45. Kf1 Kxa6 46. Rxc6+ Kxb7 47. Rc5
Rf8 48. Ke2 Kb6 49. Rc2 Rd8 50. h4 g6 51. Ke3 g5 52. hxg5 hxg5 53. Rc1 Rd3+ 54.
Ke2 Kb5 55. Rc8 f4 56. gxf4 gxf4 57. Rb8+ Kc4 58. Rc8+ Kd4 59. Rd8+ Kc3 60. Rc8+
Kb3 61. Rb8+ Kc2 62. Rc8+ Rc3 63. Rd8 f3+ 64. Ke1 Rc4 65. Rd2+ Kc3 66. Rd8 Rc5
67. Rd7 Ra5 68. Rc7+ Kd4 69. Rd7+ Rd5 70. Re7 Ra5 71. Rd7+ Ke5 72. Re7+ Kf5 73.
Rf7+ Ke6 74. Rf8 Ra2 75. Re8+ Kd5 76. Rd8+ Kc6 77. Rc8+ Kd7 78. Rc5 Re2+ 79. Kf1
Kd6 80. Rg5 Rc2 81. Kg1 Rc1+ 82. Kh2 Rf1 83. Ra5 Rxf2+ 84. Kg3 Rg2+ 85. Kf4 f2
{White resigns} 0-1

[Event "Team 45 45 League T66"]
[Site "Internet Chess Club"]
[Date "2015.09.13"]
[Round "1"]
[White "Goli"]
[Black "laurenpar"]
[Result "0-1"]
[WhiteElo "1653"]
[BlackElo "1964"]
[Opening "French: exchange variation"]
[ECO "C01"]
[Time "06:05:11"]
[TimeControl "2700+45"]

1. e4 e6 2. d4 d5 3. exd5 exd5 4. Bd3 Nc6 5. Ne2 Nb4 6. Nbc3 c6 7. a3 Nxd3+ 8.
Qxd3 Bd6 9. Bf4 Ne7 10. Bxd6 Qxd6 11. Qg3 Qxg3 12. Nxg3 Ng6 13. Nce2 f6 14. f3
Kf7 15. Kf2 Bd7 16. Rae1 Rae8 17. h4 Ne7 18. Nf4 Nc8 19. Rxe8 Rxe8 20. Nd3 Nd6
21. b3 Nb5 22. a4 Nxd4 23. Ne1 b6 24. Nf1 Re2+ 25. Kg3 Rxe1 {White resigns} 0-1

[Event "Team 45 45 League T66"]
[Site "Internet Chess Club"]
[Date "2015.09.04"]
[Round "1"]
[White "Zkid"]
[Black "zigzag2002"]
[Result "1-0"]
[WhiteElo "2305"]
[BlackElo "2083"]
[Opening "Sicilian: Najdorf, Byrne (English) attack"]
[ECO "B90"]
[Time "18:11:45"]
[TimeControl "2700+45"]

1. e4 c5 2. Nf3 d6 3. d4 cxd4 4. Nxd4 Nf6 5. Nc3 a6 6. Be3 e5 7. Nb3 Be6 8. f3
Be7 9. Qd2 h5 10. Be2 Nbd7 11. O-O-O Rc8 12. Kb1 Qc7 13. f4 b5 14. f5 Bc4 15. a3
O-O 16. h3 Nb6 17. g4 Na4 18. Bxc4 Nxc3+ 19. Qxc3 bxc4 20. Nd2 d5 21. Nf3 d4 22.
Bxd4 exd4 23. Rxd4 Rfd8 24. g5 Rxd4 25. Qxd4 Qb7 26. Re1 Bxa3 27. gxf6 Rb8 28.
b3 cxb3 29. c3 Qb6 30. Rg1 Qxd4 31. Nxd4 a5 32. e5 Kf8 33. Rxg7 a4 34. e6 Bc5
35. Rxf7+ Kg8 36. Nc6 Ra8 37. Rg7+ Kh8 38. Ne5 {Black resigns} 1-0

[Event "Team 45 45 League T66"]
[Site "Internet Chess Club"]
[Date "2015.09.02"]
[Round "1"]
[White "Goldenberg"]
[Black "Accarid"]
[Result "1-0"]
[WhiteElo "2124"]
[BlackElo "2181"]
[Opening "Bishop's opening: Berlin defense"]
[ECO "C24"]
[Time "23:00:19"]
[TimeControl "2700+45"]

1. e4 e5 2. Bc4 Nf6 3. d3 Bc5 4. Nc3 c6 5. Nf3 d5 6. exd5 cxd5 7. Bb5+ Bd7 8.
Nxe5 Bxb5 9. Nxb5 Bxf2+ 10. Kxf2 Qb6+ 11. Be3 Qxb5 12. Re1 O-O 13. Bd4 Nc6 14.
Nxc6 Qxc6 15. c3 Rfe8 16. Qf3 Nd7 17. Re3 Nc5 18. Qg4 g6 19. Rae1 Ne6 20. Be5
Qb6 21. Qh4 g5 22. Qh6 Qxb2+ 23. R1e2 Qb6 24. Bd4 Qc7 25. Qxg5+ Kf8 26. Qh6+ Ke7
27. Qf6+ Kd7 28. Qxf7+ Re7 29. Qf5 Rf8 30. Qxf8 Nxf8 31. Rxe7+ Kc6 32. Rxc7+
Kxc7 33. Re7+ {Black resigns} 1-0

[Event "Team 45 45 League T66"]
[Site "Internet Chess Club"]
[Date "2015.09.05"]
[Round "1"]
[White "Percival"]
[Black "juniorVishy"]
[Result "0-1"]
[WhiteElo "2002"]
[BlackElo "2017"]
[Opening "QGD semi-Slav: 5...Nd7"]
[ECO "D45"]
[Time "09:00:15"]
[TimeControl "2700+45"]

1. d4 d5 2. c4 c6 3. Nc3 Nf6 4. e3 e6 5. Nf3 Nbd7 6. b3 Bd6 7. Qc2 O-O 8. Be2 b6
9. O-O Bb7 10. Bb2 Rc8 11. cxd5 exd5 12. Rac1 Qe7 13. Bd3 c5 14. Qe2 Ne4 15. Ba6
Bxa6 16. Qxa6 Ndf6 17. Nb5 Bb8 18. dxc5 bxc5 19. h3 Rfe8 20. Nc3 Qc7 21. Nb5 Qd7
22. Rfd1 Re6 23. Qa4 Qb7 24. Nc3 Ra6 25. Qb5 Qxb5 26. Nxb5 Rxa2 27. Bxf6 Nxf6
28. Nc3 Rb2 29. Nxd5 Nxd5 30. Rxd5 Rxb3 31. g3 Kf8 32. Nd4 Rb6 33. Rcxc5 Rxc5
34. Rxc5 Ke7 35. Rc8 g6 36. Rxb8 Rxb8 37. Nc6+ Kd6 38. Nxb8 a5 39. Na6 Kc6 40.
Kf1 Kb6 41. Nb8 a4 42. Nd7+ Kb5 43. Nf6 a3 44. Ne4 Kb4 {White resigns} 0-1

[Event "Team 45 45 League T66"]
[Site "Internet Chess Club"]
[Date "2015.09.09"]
[Round "1"]
[White "JasonModer"]
[Black "RazorBladeTeddy"]
[Result "0-1"]
[WhiteElo "1873"]
[BlackElo "1947"]
[Opening "King's Indian: 4.e4"]
[ECO "E70"]
[Time "17:00:12"]
[TimeControl "2700+45"]

1. d4 Nf6 2. c4 g6 3. Nc3 Bg7 4. e4 O-O 5. Bd3 d6 6. Nge2 e5 7. d5 a5 8. O-O Na6
9. a3 Nc5 10. Bc2 c6 11. h3 cxd5 12. cxd5 a4 13. Bg5 Qa5 14. f4 exf4 15. Rxf4
Nfd7 16. Be7 Re8 17. Bxd6 Qb6 18. Bxc5 Nxc5 19. Kh1 Bd7 20. d6 Ra6 21. Qf1 Qxb2
22. Rxf7 Bxc3 23. Nxc3 Qxc3 24. Rc1 Qe5 25. Bb1 Rxd6 26. Ba2 Be6 27. Rc7 Nxe4
28. Bxe6+ Qxe6 29. Qb5 Red8 30. Qxa4 Rd1+ 31. Rxd1 Rxd1+ 32. Qxd1 Nf2+ 33. Kg1
Nxd1 34. Rxb7 Qe1+ 35. Kh2 Ne3 36. a4 Qf2 37. Rb8+ Kg7 38. Rb7+ Kh6 {White
resigns} 0-1

[Event "Team 45 45 League T66"]
[Site "Internet Chess Club"]
[Date "2015.09.13"]
[Round "1"]
[White "Intemperate"]
[Black "gump12345"]
[Result "1-0"]
[WhiteElo "2107"]
[BlackElo "1970"]
[Opening "King's Indian: 5.Nf3"]
[ECO "E90"]
[Time "10:16:52"]
[TimeControl "2700+45"]

1. Nf3 Nf6 2. c4 g6 3. Nc3 Bg7 4. e4 d6 5. d4 O-O 6. h3 e5 7. d5 a5 8. Be2 Na6
9. Bg5 Qe8 10. Nd2 h6 11. Be3 Nh7 12. g4 Kh8 13. f3 Bd7 14. Nf1 Nf6 15. h4 Ng8
16. Ng3 Nc5 17. Qc2 a4 18. h5 g5 19. O-O Bf6 20. b4 axb3 21. axb3 b6 22. b4 Na6
23. Rfb1 Nxb4 24. Qb2 Na6 25. Nb5 Qc8 26. Ra3 Qb7 27. Rba1 Bc8 28. Nxd6 cxd6 29.
c5 bxc5 30. Qxb7 Bxb7 31. Bxa6 Bc8 32. Bxc8 Rxa3 33. Rxa3 Rxc8 34. Nf5 Be7 35.
Ra7 Bf8 36. Rxf7 c4 37. Kf2 Ra8 38. Ke2 Ra2+ 39. Kd1 Ra8 40. Kc2 Rb8 41. Bc1 Ra8
42. Kc3 Rb8 43. Bb2 {Black resigns} 1-0

[Event "Team 45 45 League T66"]
[Site "Internet Chess Club"]
[Date "2015.09.08"]
[Round "1"]
[White "Monterrey"]
[Black "NFork"]
[Result "1-0"]
[WhiteElo "2001"]
[BlackElo "2167"]
[Opening "Queen's pawn: Torre attack"]
[ECO "A40"]
[Time "08:02:49"]
[TimeControl "2700+45"]

1. d4 e6 2. Nf3 Nf6 3. Bg5 c5 4. e3 Qb6 5. Nbd2 Qxb2 6. Bd3 d5 7. c4 Nc6 8. O-O
cxd4 9. Bxf6 gxf6 10. cxd5 exd5 11. exd4 Be7 12. Re1 Qa3 13. Qc2 h5 14. Bf5 Qd6
15. Rab1 Bxf5 16. Qxf5 Rb8 17. Rb5 Kf8 18. Rxd5 Qa3 19. Rd7 {Black resigns} 1-0

[Event "Team 45 45 League T66"]
[Site "Internet Chess Club"]
[Date "2015.09.04"]
[Round "1"]
[White "spand42"]
[Black "ChevalNoir"]
[Result "1/2-1/2"]
[WhiteElo "2017"]
[BlackElo "1858"]
[Opening "King's Indian: Kazakh variation"]
[ECO "E91"]
[Time "14:00:38"]
[TimeControl "2700+45"]

1. d4 Nf6 2. c4 g6 3. Nf3 Bg7 4. Nc3 O-O 5. e4 d6 6. Be2 Na6 7. O-O Bg4 8. Be3
c6 9. a3 e5 10. dxe5 dxe5 11. Nxe5 Bxe2 12. Qxe2 Nxe4 13. Nxe4 Bxe5 14. Rad1 Qe7
15. Bg5 f6 16. Bh6 Rfe8 17. Rfe1 f5 18. Ng3 Qh4 19. Qd2 Qxc4 20. Nxf5 Qf7 21.
Nd6 Bxd6 22. Qxd6 Nc7 23. Re3 Nd5 24. Rf3 Qe7 25. Qxe7 Rxe7 26. g3 Re2 27. b4 a6
28. Rd4 Rae8 29. a4 Rb2 30. Re4 Rb8 31. Rd3 Rxb4 32. Rxb4 Nxb4 33. Rd7 b5 34.
axb5 axb5 35. Rg7+ Kh8 36. Rc7 Kg8 37. Rg7+ Kh8 38. Rc7 Nd3 39. Rxc6 b4 40. Rd6
b3 41. Rxd3 b2 42. Rd1 b1=Q 43. Rxb1 Rxb1+ 44. Kg2 Kg8 45. h4 Kf7 46. Be3 Ke6
47. Bf4 Kd5 48. Be3 Ke4 49. Bg5 Rb2 50. Bf4 Rc2 51. Be3 Re2 52. Bf4 h5 53. Bg5
{Game drawn by mutual agreement} 1/2-1/2

[Event "Team 45 45 League T66"]
[Site "Internet Chess Club"]
[Date "2015.09.06"]
[Round "1"]
[White "charles-allen"]
[Black "PuzzleMaster"]
[Result "0-1"]
[WhiteElo "1824"]
[BlackElo "2056"]
[Opening "Sicilian"]
[ECO "B50"]
[Time "14:18:58"]
[TimeControl "2700+45"]

1. e4 c5 2. Nf3 d6 3. Bc4 Nc6 4. c3 Nf6 5. d3 g6 6. O-O Bg7 7. h3 O-O 8. Bb3 e5
9. Re1 h6 10. Nbd2 Kh7 11. Nf1 Ng8 12. Ne3 f5 13. Nd5 Nf6 14. Nh4 Nxd5 15. exd5
Qxh4 16. dxc6 bxc6 17. Qf3 d5 18. c4 e4 19. Qf4 Qd8 20. Rb1 exd3 21. Ba4 g5 22.
Qe3 f4 23. Qxc5 dxc4 24. Qxc6 Bf5 25. Bd2 Rc8 26. Qa6 Bd4 27. Bc3 d2 28. Red1
Bxb1 29. Rxd2 Qb6 30. Qxb6 Bxb6 31. Rd7+ Kg6 32. Rg7+ Kf5 33. Bd7+ Ke4 34. Re7+
Kd3 35. Bxc8 Rxc8 36. Rd7+ Kc2 37. Kf1 Bxa2 38. Bg7 Rc6 39. Bc3 Re6 {White
resigns} 0-1

[Event "Team 45 45 League T66"]
[Site "Internet Chess Club"]
[Date "2015.09.05"]
[Round "1"]
[White "pishd"]
[Black "hudson"]
[Result "0-1"]
[WhiteElo "1773"]
[BlackElo "1696"]
[Opening "King's Indian: East Indian defense"]
[ECO "A48"]
[Time "12:08:55"]
[TimeControl "2700+45"]

1. d4 Nf6 2. Nf3 g6 3. e3 Bg7 4. Be2 O-O 5. O-O d6 6. c4 Nbd7 7. Nc3 e5 8. b4
Re8 9. a4 c6 10. a5 e4 11. Ne1 d5 12. cxd5 cxd5 13. b5 Nf8 14. Nc2 Ne6 15. Nb4
Bf8 16. Qb3 Bxb4 17. Qxb4 h5 18. Bd2 Ng7 19. Rfc1 Bg4 20. Bf1 Be6 21. Ra2 Ng4
22. h3 Nh6 23. Rac2 Qg5 24. Kh1 Ngf5 25. Ne2 Kg7 26. Nf4 Ng4 27. Nxe6+ Rxe6 28.
hxg4 hxg4 29. g3 Rh8+ 30. Kg1 Qh5 31. Bg2 Qh2+ 32. Kf1 Nxg3+ 33. fxg3 Rf6+ 34.
Ke1 Qg1+ {White resigns} 0-1

[Event "Team 45 45 League T66"]
[Site "Internet Chess Club"]
[Date "2015.09.07"]
[Round "1"]
[White "idjit"]
[Black "nanning"]
[Result "0-1"]
[WhiteElo "1580"]
[BlackElo "1685"]
[Opening "Giuoco Piano"]
[ECO "C54"]
[Time "14:00:13"]
[TimeControl "2700+45"]

1. e4 e5 2. Nf3 Nc6 3. Bc4 Bc5 4. c3 Nf6 5. d3 a6 6. Nbd2 d6 7. Bb3 O-O 8. h3
Be6 9. Bc2 Ba7 10. Nf1 d5 11. Qe2 dxe4 12. dxe4 h6 13. Ng3 b5 14. Nh4 Bc4 15.
Qf3 Nh7 16. Ngf5 Qf6 17. Qg3 Kh8 18. b3 Be6 19. Ba3 b4 20. cxb4 Nd4 21. Rc1 Rfe8
22. Nxd4 Bxd4 23. Bd3 Bb6 24. Nf3 Red8 25. Bc4 Bxc4 26. Rxc4 Rd3 27. Qxe5 Rxf3
28. Qxf6 Bxf2+ 29. Ke2 Rxf6 30. e5 Re8 31. Rxc7 Rxe5+ 32. Kd3 Ng5 33. Bb2 Rd6+
34. Kc4 Re4+ 35. Kc3 Bd4+ {White resigns} 0-1

[Event "Team 45 45 League T66"]
[Site "Internet Chess Club"]
[Date "2015.09.06"]
[Round "1"]
[White "skuhl99"]
[Black "Zugzwanged"]
[Result "0-1"]
[WhiteElo "1521"]
[BlackElo "1603"]
[Opening "English: Neo-Catalan declined"]
[ECO "A14"]
[Time "09:01:15"]
[TimeControl "2700+45"]

1. Nf3 Nf6 2. c4 e6 3. g3 d5 4. Bg2 Be7 5. O-O O-O 6. d3 c5 7. a3 Nc6 8. Qc2 b6
9. Nc3 Bb7 10. Bd2 Rc8 11. Rfd1 d4 12. Na2 Bd6 13. b4 Ne7 14. bxc5 bxc5 15. Rab1
Rb8 16. e3 e5 17. exd4 exd4 18. Re1 Nf5 19. Ne5 Bxg2 20. Kxg2 Qc7 21. Nf3 h6 22.
Nc1 Rxb1 23. Qxb1 Rb8 24. Qc2 Qb7 25. Ne2 Qa6 26. a4 Ne7 27. Bf4 Bxf4 28. Nxf4
Nc6 29. Ra1 Nb4 30. Qe2 Re8 31. Qd1 Qc6 32. Kg1 Nd7 33. Nd2 Ne5 34. Ra3 g5 35.
Nd5 Nexd3 36. Nxb4 Nxb4 37. a5 Qe6 38. Ra1 Qe2 39. Qc1 Nd3 40. Qf1 Qxd2 41. Rd1
Qxa5 {White resigns} 0-1